Map: Frozen Temple

Players

LUCASK - Winner!

  • Race: Zerg Zerg
  • League: Platinum

blackxored

  • Race: Zerg Zerg
  • League: Diamond

VOD

Have the link to the VOD?

Description

Time

  • Played on: June 30, 2016, 10:04 a.m.
  • Length: 6:22
Show
View Real Time Build Order
Export as new Build Order

LUCASK Zerg - Winner!

Build Orders: Pool First, Zergling Baneling 

Get SALT Encoding   

  12  0:01  Drone  
  13  0:10  Drone  
  13  0:13  Extractor  
  13  0:16  Drone  
  14  0:33  Spawning Pool  
  13  0:38  Drone  
  14  0:46  Overlord  
  14  0:57  Extractor, Drone  
  15  1:06  Drone  
  15  1:07  Drone  
  17  1:19  Metabolic Boost  
  17  1:21  Zergling x2  
  18  1:28  Queen  
  20  1:36  Baneling Nest  
  20  1:39  Zergling x2  
  20  1:42  Zergling x2  
  21  1:50  Overlord  
  21  2:06  Drone  
  22  2:10  Zergling x2  
  23  2:22  Zergling x2  
  24  2:26  Baneling x2  
  24  2:27  Baneling x2  
  24  2:34  Zergling x2  
  25  2:38  Zergling x2  
  25  2:40  Zergling x4  
  28  2:47  Zergling x2  
  29  2:57  Zergling x2  
  30  3:05  Zergling x2  
  30  3:10  Hatchery  
  29  3:20  Zergling x2  
  29  3:22  Overlord  
  24  3:37  Zergling x2  
  24  3:38  Zergling x2  
  24  3:40  Zergling x6  
  28  3:43  Evolution Chamber  
  28  3:46  Drone  
  28  3:55  Drone  
  28  4:05  Drone  
  28  4:09  Zerg Melee Weapons Level 1  
  29  4:16  Zergling x6  
  32  4:18  Baneling  
  32  4:19  Baneling x2  
  32  4:21  Baneling x2  
  32  4:22  Baneling  
  32  4:27  Zergling x4, Queen  
  35  4:42  Zergling x2  
  35  4:43  Zergling x6  
  35  4:45  Zergling x2  
  38  4:46  Zergling x2  
  35  5:16  Zergling x2  
  35  5:17  Zergling x6  
  36  5:31  Zergling x2  
  36  5:32  Zergling x10  
  42  5:36  Baneling  
  38  5:43  Zergling x4  
  38  5:49  Zergling x6  
  41  5:50  Zergling x6  
  41  5:58  Zergling x2  
  41  6:03  Zergling x2  
Show
View Real Time Build Order
Export as new Build Order

blackxored Zerg 

Build Orders: Hatch First, Zergling Baneling 

Get SALT Encoding   

  12  0:02  Drone  
  13  0:09  Drone  
  14  0:20  Overlord  
  14  0:24  Extractor  
  14  0:25  Drone  
  15  0:42  Drone x2  
  17  0:57  Hatchery  
  17  1:00  Drone  
  17  1:02  Drone  
  18  1:15  Extractor  
  18  1:18  Spawning Pool  
  16  1:20  Drone  
  16  1:23  Drone  
  18  1:28  Drone  
  19  1:42  Overlord  
  19  1:50  Drone  
  20  2:05  Zergling x2, Spine Crawler  
  20  2:06  Queen  
  22  2:09  Queen  
  22  2:10  Zergling x2  
  22  2:13  Zergling x2  
  26  2:22  Baneling Nest  
  25  2:23  Zergling x2  
  25  2:25  Zergling x2  
  27  2:32  Zergling x2  
  28  2:37  Zergling x2  
  29  2:51  Zergling x4  
  29  3:07  Baneling x5  
  21  3:42  Zergling x10  
  21  3:46  Metabolic Boost  
  26  3:51  Zergling x6  
  29  3:57  Zergling x2  
  29  4:03  Zergling x2  
  29  4:05  Baneling x2  
  29  4:18  Zergling x2  
  30  4:25  Overlord  
  30  4:30  Baneling, Hatchery  
  29  4:31  Baneling x3  
  29  4:33  Zergling x2  
  29  4:42  Queen  
  29  4:43  Baneling x2  
  30  4:49  Zergling x2  
  30  4:50  Zergling x4  
  33  5:11  Zergling x2  
  33  5:14  Baneling x4  
  31  5:27  Zergling x4  
  27  5:34  Zergling x2  
  28  5:42  Queen  
  25  5:50  Zergling x2  
  24  5:57  Zergling x2  
  23  6:04  Spine Crawler  
Tags
 
Add a new tag
Caveats
  • Supply blocks, unpowered buildings, or Contaminate may cause inaccurate times.
  • Supply counts are checked every 10 seconds.